[Event "45th FIDE Olympiad 2024"]
[Site "Budapest"]
[Date "2024.09.19"]
[Round "8.125"]
[White "Xie, Felix"]
[Black "Rodrigue-Lemieux, Shawn"]
[Result "0-1"]
[ECO "B45"]
[WhiteElo "2320"]
[BlackElo "2509"]
[Annotator "TA"]
[PlyCount "58"]
[EventDate "2024.09.05"]
[EventType "team-tourn"]
[EventCountry "HUN"]
[SourceTitle "playchess.com"]
[Source "ChessBase"]
[SourceQuality "1"]
[WhiteTeam "New Zealand"]
[BlackTeam "Canada"]
[WhiteTeamCountry "NZL"]
[BlackTeamCountry "CAN"]
[TimeControl "40/5400+30:1800+30"]

1. e4 c5 2. Nf3 e6 3. d4 cxd4 4. Nxd4 Nc6 5. Nc3 Bc5 6. Ndb5 Nf6 7. Bf4 {Nc7+ is the strong threat.} O-O 8. Bc7 Qe7 9. Bd6 $1 Bxd6 {White is slightly better.} 10. Qxd6 Qd8 11. Nc7 Rb8 12. Be2 a6 13. O-O b5 {[%cal Bb7b5,Bb5b4][%mdl 32] aiming for ...b4.} 14. e5 Rb7 15. Nxa6 Ne8 16. Qc5 b4 17. Nb5 Qb6 18. Bd3 Rb8 19. Bxh7+ $2 Kxh7 $17 20. Qxf8 Bxa6 21. Qxf7 (21. a4 $17 bxa3 (21... Nxe5 $2 22. Qxb4 Bxb5 23. axb5 $19) 22. Rxa3 Nxe5 (22... Qxb5 23. Rh3+ Kg6 24. Rg3+ Kh7 25. Ra1 $11) (22... Bxb5 23. Qxf7) 23. Nd6 (23. Rh3+ $2 Kg6 $17) 23... Qxd6 (23... Nxd6 $2 24. Rxa6 Rxf8 25. Rxb6 $17) 24. Qxd6 Nxd6 25. Rxa6) 21... Qxb5 $19 (21... Bxb5 $2 22. Rfe1 $18) 22. Rfe1 {[#]} (22. Qxd7 {is a better defense.} Nxe5 23. Qxb5 Rxb5 (23... Bxb5 $2 24. Rfe1 $19) 24. a3) 22... Nd4 $1 {And now ...Ne2+ would win.} (22... Nxe5 23. Qh5+ Kg8 24. Qxe5 $15) 23. Re3 Nf5 $1 ({Worse is} 23... Nxc2 24. Rh3#) (23... Ne2+ $2 24. Kh1 $18) 24. Rh3+ Nh6 25. Re1 {[#] Strongly threatening g4.} Qd5 $1 26. Qf4 Rc8 ({But not} 26... Qxa2 27. Qe4+ Kg8 28. Qg6 $19) 27. c3 Rc4 {Against Qe4+} ({Don't play} 27... Qxa2 28. Qe4+ Kg8 29. Qxb4) 28. Qg5 Re4 29. Rhe3 (29. Qc1 $142) 29... Rg4 {Weighted Error Value: White=0.54/Black=0.06 (flawless) .  Mistake:       	White=4     	---        Inaccurate:     	White=3     	---        OK:         	White=5     	Black=9      Best:        	White=2     	Black=4      Strong:       	White=1     	Black=3} 0-1

[Event "45th FIDE Olympiad 2024"]
[Site "Budapest"]
[Date "2024.09.19"]
[Round "8.126"]
[White "Thavandiran, Shiyam"]
[Black "Middelburg, Tom"]
[Result "1-0"]
[ECO "B10"]
[WhiteElo "2388"]
[BlackElo "2355"]
[Annotator "TA"]
[PlyCount "75"]
[EventDate "2024.09.05"]
[EventType "team-tourn"]
[EventCountry "HUN"]
[SourceTitle "playchess.com"]
[Source "ChessBase"]
[SourceQuality "1"]
[WhiteTeam "Canada"]
[BlackTeam "New Zealand"]
[WhiteTeamCountry "CAN"]
[BlackTeamCountry "NZL"]
[TimeControl "40/5400+30:1800+30"]

1. e4 c6 2. Nf3 d5 3. d3 dxe4 4. dxe4 Qxd1+ 5. Kxd1 Nf6 6. Nbd2 Nbd7 7. Ne1 e5 8. f3 {White has an edge.} Nb6 9. a4 a5 10. Nb3 Be6 11. Bd2 Bxb3 12. cxb3 Bc5 13. Nc2 Ke7 14. Bd3 Ne8 15. g3 Nc7 16. Bc3 Nd7 (16... Rhd8 {seems wilder.} 17. Ke2 f6 18. Rhf1 Ne6) 17. f4 Rhd8 18. Ke2 f6 19. f5 {Dodges Ne6} Bb6 20. b4 {Prevents Nc5} axb4 21. Bxb4+ Bc5 22. Bc3 b5 23. b3 Rdb8 24. Rhc1 Bd6 $2 (24... bxa4 $11 {and Black has nothing to worry.} 25. bxa4 Bd6) 25. Nb4 $18 Rb6 (25... Ke8 $142) 26. a5 Rba6 27. Nxa6 Nxa6 28. Bd2 Ndc5 29. Bc2 Nb7 30. Bd1 Bc5 {[#]} (30... Kd7 $142 31. g4 h6) 31. b4 $1 Bxb4 (31... Bd4 32. Rab1) 32. Rxc6 {aiming for Bxb4+.} Bxd2 33. Kxd2 Nbc5 (33... Kd7 $142 34. Rb6 Nac5) 34. Ke3 Rd8 (34... Ra7 $142 35. Rc1 g6) 35. Be2 Nb3 36. Rd1 {[#] Threatens to win with Re6+.} Rxd1 37. Bxd1 Nb4 38. Re6+ {Weighted Error Value: White=0.11 (very precise) /Black=0.51.  Loses game:     	---       	Black=1      Mistake:       	---       	Black=4      Inaccurate:     	White=4     	Black=3      OK:         	White=15    	Black=10     Best:        	White=2     	---} 1-0

[Event "45th FIDE Olympiad 2024"]
[Site "Budapest"]
[Date "2024.09.19"]
[Round "8.127"]
[White "Renjith, Sravan"]
[Black "Preotu, Razvan"]
[Result "1/2-1/2"]
[ECO "B14"]
[WhiteElo "2325"]
[BlackElo "2451"]
[Annotator "TA"]
[PlyCount "64"]
[EventDate "2024.09.05"]
[EventType "team-tourn"]
[EventCountry "HUN"]
[SourceTitle "playchess.com"]
[Source "ChessBase"]
[SourceQuality "1"]
[WhiteTeam "New Zealand"]
[BlackTeam "Canada"]
[WhiteTeamCountry "NZL"]
[BlackTeamCountry "CAN"]
[TimeControl "40/5400+30:1800+30"]

1. e4 c6 2. d4 d5 3. exd5 cxd5 4. c4 Nf6 5. Nc3 Nc6 6. Nf3 g6 7. cxd5 Nxd5 8. Bc4 Nb6 9. Bb3 Bg7 10. Be3 O-O 11. d5 Na5 12. Bd4 Nxb3 13. axb3 e5 (13... Nxd5 $2 {perishes.} 14. Bxg7 (14. Rxa7 $2 {is the wrong capture.} Nxc3 15. bxc3 Rxa7 $19) 14... Kxg7 15. Nxd5 $18 (15. Qxd5 Qxd5 16. Nxd5 Bg4 $18)) 14. dxe6 Bxe6 15. O-O Bg4 {[#] aiming for ...Bxf3. This pair of bishops is nice.} 16. Be3 Qf6 17. h3 Bxf3 (17... Rfd8 $5 18. Qe2 Bxf3 19. Qxf3 Qxf3 20. gxf3 Nd5 $16) 18. Qxf3 Qxf3 19. gxf3 Rfc8 20. Nb5 Nd5 21. Rxa7 Nxe3 22. Rxa8 $1 Rxa8 23. fxe3 Bxb2 $11 {[%mdl 4096] Endgame. KRB-KRN} 24. Rd1 {Wards off Rd8} Rc8 25. Rd3 Kf8 26. f4 {The position is equal.} Rc2 27. Nd6 Bc1 28. f5 Re2 29. fxg6 hxg6 30. Kf1 Rxe3 31. Rxe3 Bxe3 32. Nxb7 Ke7 {Weighted Error Value: White=0.06 (flawless) /Black=0.08 (flawless) .  Inaccurate:     	White=1     	Black=1      OK:         	White=10    	Black=7      Best:        	White=1     	---        Strong:       	White=1     	---} 1/2-1/2

[Event "45th FIDE Olympiad 2024"]
[Site "Budapest"]
[Date "2024.09.19"]
[Round "8.128"]
[White "Noritsyn, Nikolay"]
[Black "Croad, Nicolas"]
[Result "1/2-1/2"]
[ECO "B63"]
[WhiteElo "2451"]
[BlackElo "2195"]
[Annotator "TA"]
[PlyCount "169"]
[EventDate "2024.09.05"]
[EventType "team-tourn"]
[EventCountry "HUN"]
[SourceTitle "playchess.com"]
[Source "ChessBase"]
[SourceQuality "1"]
[WhiteTeam "Canada"]
[BlackTeam "New Zealand"]
[WhiteTeamCountry "CAN"]
[BlackTeamCountry "NZL"]
[TimeControl "40/5400+30:1800+30"]

1. e4 c5 2. Nf3 d6 3. d4 cxd4 4. Nxd4 Nf6 5. Nc3 Nc6 6. Bg5 e6 7. Qd2 Be7 8. O-O-O Nxd4 9. Qxd4 O-O 10. h4 $1 {[%mdl 4] is currently scoring better than 10.f4. B63: Sicilian: Richter-Rauzer: 7...Be7 and unusual Black 7th moves.} h6 11. Bd2 e5 12. Qd3 Be6 13. Be2 $146 ({Predecessor:} 13. f3 h5 14. Bg5 Qa5 15. Qb5 Qxb5 16. Nxb5 Rfd8 17. g3 Rac8 18. Bxf6 gxf6 19. Bh3 {1-0 Vocaturo,D (2624)-Meins,G (2414) Bayern-chI Bank Hofmann 25th 2022 (8)}) 13... Rc8 14. Kb1 d5 15. exd5 Nxd5 16. Qg3 Qb6 17. Nxd5 Bxd5 18. Be3 Qe6 19. Rxd5 Qxd5 20. Bxh6 Bf6 21. Bg5 Qc6 22. Bd3 e4 23. Bxf6 Qxf6 24. Bxe4 Rfd8 25. Bd3 Re8 26. f3 Rc5 27. Rd1 Rce5 (27... Rh5 {simplifies} 28. Qc7 Qe7 29. Qxe7 Rxe7 30. g3 g5) 28. Be4 Rd8 29. Bd3 ({Wrong is} 29. Bh7+ $2 Kxh7 (29... Kf8 30. Bd3 $15) 30. Rc1 Rb5 $19) 29... Rb5 30. b3 Rc5 31. Qf2 b6 32. g4 a5 (32... Kf8 $11) 33. g5 $1 $14 Qe7 $1 34. Qd2 Kf8 35. f4 a4 36. Re1 Qd6 37. b4 (37. Qe2 {looks sharper.} axb3 38. axb3 g6 39. h5) 37... Rc4 38. a3 Rxf4 (38... Qxf4 $2 {is the wrong capture.} 39. Qe2 $18) 39. h5 Rf3 40. Rd1 (40. g6 $11) 40... Qf4 $15 41. Qxf4 Rxf4 42. Rh1 Rdd4 43. h6 Rh4 44. hxg7+ Kxg7 45. Re1 {[#]} Rh3 ({Black should play} 45... Rd5 $1 $17) 46. Re5 Rg3 47. Rb5 Rd6 48. Kb2 Rg4 49. Kc3 Rc6+ 50. Kb2 Rd4 51. Rf5 {[#]} Rcd6 $1 52. Rf3 R4d5 ({Black should try} 52... Rg4 $17 53. Bb5 Rxg5 54. Bxa4 f5) 53. Bc4 $11 Rxg5 54. Rxf7+ Kg6 55. Ra7 b5 56. Bd3+ Kf6 57. Rb7 Rdd5 58. Kc3 Ke6 59. Be4 Rg3+ 60. Kb2 Re5 61. Bd3 Rgg5 62. Ra7 Kd6 63. Ra6+ Kc7 64. Rf6 Rd5 65. Kc3 Rd6 66. Rf3 Rc6+ 67. Kb2 Rd6 68. Rf2 Rgd5 69. Rf3 Rg5 70. Rh3 Rgd5 71. Be2 Re5 72. Bg4 Rg5 73. Rh7+ Kb6 74. Bf3 Rf6 75. Be4 Re5 76. Bd3 Rd6 77. Rh8 Kc7 78. Rg8 Kb7 79. Kc3 Kc7 80. Rg7+ Kb6 81. Rg4 Kc6 82. Rg1 Kc7 83. Rg8 Kb7 84. Rh8 Kc7 85. Rh7+ (85. Rg8 $11) 1/2-1/2

[Event "45th FIDE Olympiad 2024"]
[Site "Budapest"]
[Date "2024.09.19"]
[Round "8.129"]
[White "Sadorra, Julio Catalino"]
[Black "Karsten, Jan"]
[Result "1-0"]
[ECO "D90"]
[WhiteElo "2542"]
[BlackElo "2311"]
[Annotator "TA"]
[PlyCount "72"]
[EventDate "2024.09.05"]
[EventType "team-tourn"]
[EventCountry "HUN"]
[SourceTitle "playchess.com"]
[Source "ChessBase"]
[SourceQuality "1"]
[WhiteTeam "Philippines"]
[BlackTeam "South Africa"]
[WhiteTeamCountry "PHI"]
[BlackTeamCountry "RSA"]
[TimeControl "40/5400+30:1800+30"]

1. d4 Nf6 2. c4 g6 3. Nc3 d5 4. Nf3 Bg7 5. h4 c6 6. Bg5 {D90: Grünfeld: 4 Nf3 Bg7 sidelines.} h6 7. Bxf6 Bxf6 8. e3 O-O 9. Qc2 Bg7 10. Ne5 $146 ({Predecessor:} 10. Bd3 Be6 11. cxd5 cxd5 12. Qb3 Qb6 13. Qxb6 axb6 14. Kd2 Rd8 15. Rhc1 Bg4 16. Nh2 {1-0 Najer,E (2626)-Wan,Y (2494) CHN-chT China 2013 (12.3)}) 10... Nd7 11. f4 Nxe5 12. fxe5 Be6 13. cxd5 cxd5 14. Be2 f5 (14... Rc8 $11) 15. h5 $16 g5 16. O-O Qe8 ({Black should try} 16... Kh8) 17. Qb3 $16 g4 18. Nxd5 (18. Qxb7 Qxh5 19. Nxd5 Bxd5 20. Qxd5+ Kh8) 18... Bxd5 19. Qxd5+ e6 {[#]} 20. Qb3 $1 (20. Qxb7 Rb8 21. Qa6 (21. Qxa7 Rxb2 22. Qa6 Qxh5 $11) 21... Rb6 $16) 20... Kh8 21. Rf4 (21. Qxb7 Rb8 22. Qa6 (22. Qxa7 Rxb2 23. Qa6 Qxh5 $17) 22... Qxh5 23. Qxe6 Rxb2 $11) 21... Rc8 22. Raf1 (22. Qxb7 $6 Rb8 23. Qa6 (23. Qxa7 Rxb2 24. Qa6 Qxh5 $11) 23... Rxb2 $16) 22... Rd8 23. Kf2 (23. Qxb7 Qxh5 24. Qc6 (24. Qxa7 Qh4 $14) 24... Qe8) 23... Qe7 24. Kg3 a6 25. a4 Rfe8 26. Rc1 Bf8 27. Qb6 Rd7 (27... Qg5 $16 {was necessary.}) 28. e4 $18 Red8 29. exf5 exf5 30. Rxf5 Bg7 $2 (30... Rxd4 31. Rc7 (31. Bxg4 Rd3+ 32. Bf3 Bg7 $18) 31... R4d7 32. Rxd7 Rxd7 33. Qf6+ (33. Bxg4 Rd5 $18) (33. Kxg4 Bg7 $18) 33... Qxf6 34. Rxf6 Bg7) 31. Qc5 ({But not} 31. Bxg4 Rxd4 32. Kh3 Qe8 $18) (31. Rc4 $142) 31... Qxc5 32. Rxc5 Rxd4 33. Bxg4 Re8 (33... Rg8 $16) 34. e6 $18 Bf8 {[#]} 35. Rcd5 $1 ({Stronger than} 35. Rce5 Bd6 36. Kf3 Bxe5 37. Rxe5 Kg7 $15) 35... Rxa4 $2 (35... Rxd5 {was called for.} 36. Rxd5 Kg7 37. Rd7+ Re7) 36. Rf7 $18 Bg7 1-0

[Event "45th FIDE Olympiad 2024"]
[Site "Budapest"]
[Date "2024.09.19"]
[Round "8.130"]
[White "Levitan, Caleb Levi"]
[Black "Bersamina, Paulo"]
[Result "1/2-1/2"]
[ECO "B57"]
[WhiteElo "2193"]
[BlackElo "2425"]
[Annotator "TA"]
[PlyCount "60"]
[EventDate "2024.09.05"]
[EventType "team-tourn"]
[EventCountry "HUN"]
[SourceTitle "playchess.com"]
[Source "ChessBase"]
[SourceQuality "1"]
[WhiteTeam "South Africa"]
[BlackTeam "Philippines"]
[WhiteTeamCountry "RSA"]
[BlackTeamCountry "PHI"]
[TimeControl "40/5400+30:1800+30"]

1. e4 c5 2. Nf3 d6 3. d4 cxd4 4. Nxd4 Nf6 5. Nc3 Nc6 6. Bc4 Bd7 7. Bb3 e6 8. Be3 Nxd4 9. Bxd4 b5 {White has an edge.} 10. a3 a5 {The position is equal.} 11. f3 Be7 12. O-O Qb8 13. Ne2 O-O 14. Qd2 Qb7 15. Kh1 b4 16. axb4 axb4 17. Nf4 Bb5 18. Nd3 (18. Qxb4 $2 {loses.} d5 19. Qc3 Bxf1 20. Rxf1 dxe4 $19) 18... d5 19. Bxf6 Bxf6 20. exd5 Bxd3 21. Qxd3 Rxa1 22. Rxa1 exd5 {Black is weak on the light squares} 23. Bxd5 Qe7 24. Qe4 Qxe4 25. Bxe4 Bxb2 26. Ra8 Rxa8 27. Bxa8 $11 {KB-KB} Bd4 28. g3 Kf8 29. Kg2 Ke7 30. Bd5 f6 {Not much happened in this game.   Weighted Error Value: White=0.08 (flawless) /Black=0.03 (flawless) .  Inaccurate:     	White=1     	Black=1      OK:         	White=8     	Black=12} 1/2-1/2

[Event "45th FIDE Olympiad 2024"]
[Site "Budapest"]
[Date "2024.09.19"]
[Round "8.131"]
[White "Gomez, John Paul"]
[Black "Mhango, Banele"]
[Result "1-0"]
[ECO "C63"]
[WhiteElo "2408"]
[BlackElo "2261"]
[Annotator "TA"]
[PlyCount "67"]
[EventDate "2024.09.05"]
[EventType "team-tourn"]
[EventCountry "HUN"]
[SourceTitle "playchess.com"]
[Source "ChessBase"]
[SourceQuality "1"]
[WhiteTeam "Philippines"]
[BlackTeam "South Africa"]
[WhiteTeamCountry "PHI"]
[BlackTeamCountry "RSA"]
[TimeControl "40/5400+30:1800+30"]

1. e4 e5 2. Nf3 Nc6 3. Bb5 f5 4. d3 fxe4 5. dxe4 Nf6 6. O-O d6 7. Re1 Be7 8. Bc4 {With the idea Ng5.} Na5 9. Bf1 Bg4 {The position is equal.} 10. h3 Be6 11. Nc3 c6 {Inhibits Nd5.} 12. a4 a6 13. Ne2 (13. b4 $16 Nc4 14. a5) 13... Nh5 {[#]} (13... Qd7 $14) 14. Ned4 $1 exd4 {[#]} 15. Ng5 Bxg5 16. Qxh5+ Bf7 17. Qxg5 Qxg5 18. Bxg5 c5 19. e5 d5 (19... Kd7 $14) 20. e6 $16 Bg6 21. Re5 {White is more active.} Rf8 (21... Bxc2 $142 22. Rxd5 (22. Rc1 d3 $11) 22... h6) 22. Rae1 $36 {[%mdl 2048] White is in control.} (22. Rxd5 $6 Rf5 23. Rxf5 Bxf5 $14) 22... h6 (22... Bxc2 $16 23. Rxd5 Rf5 24. Rxf5 Bxf5) 23. Bd2 $18 Nc4 (23... b6 $142 24. Bxa5 (24. Rxd5 Bxc2 25. Rd7 Nb3 $18) 24... bxa5) 24. Bxc4 (24. Rxd5 $2 {perishes.} Nxd2 25. Bd3 Bxd3 26. cxd3 Rf6 27. Rxc5 Nb3 $19) 24... dxc4 25. Rxc5 Ke7 {Black is weak on the dark squares} 26. Rxc4 Rfc8 (26... a5 $142 27. Rc7+ (27. Rxd4 Rad8 $18) 27... Kf6) 27. Rxd4 Be8 28. Bb4+ Kf6 29. Rd7 a5 30. Bd6 ({Less strong is} 30. Bc3+ Rxc3 31. bxc3 Bxd7 32. exd7 Rd8 $16) 30... Rc6 $2 (30... Bxd7 {is a better defense.} 31. exd7 Rd8 32. Be7+ Kf7 33. Bxd8 Rxd8) 31. Be7+ Kf5 32. g4+ {White is clearly winning.} Kg6 33. Rxb7 Rxc2 34. Bf8 {Weighted Error Value: White=0.23 (precise) /Black=0.53.  Mistake:       	White=1     	Black=7      Inaccurate:     	---       	Black=5      OK:         	White=10    	Black=4      Best:        	White=3     	Black=3} 1-0

[Event "45th FIDE Olympiad 2024"]
[Site "Budapest"]
[Date "2024.09.19"]
[Round "8.132"]
[White "Cawdery, Daniel"]
[Black "Garcia, Jan Emmanuel"]
[Result "1/2-1/2"]
[ECO "C54"]
[WhiteElo "2356"]
[BlackElo "2380"]
[Annotator "TA"]
[PlyCount "60"]
[EventDate "2024.09.05"]
[EventType "team-tourn"]
[EventCountry "HUN"]
[SourceTitle "playchess.com"]
[Source "ChessBase"]
[SourceQuality "1"]
[WhiteTeam "South Africa"]
[BlackTeam "Philippines"]
[WhiteTeamCountry "RSA"]
[BlackTeamCountry "PHI"]
[TimeControl "40/5400+30:1800+30"]

1. e4 e5 2. Nf3 Nc6 3. d4 exd4 4. Bc4 Bc5 5. c3 Nf6 6. e5 d5 7. Bb5 Ne4 8. cxd4 Bb6 9. Nc3 O-O 10. Be3 Bg4 11. h3 Bh5 12. Qc2 Nxc3 13. bxc3 f6 14. exf6 Qxf6 15. Be2 Bxf3 16. Bxf3 Ne7 17. O-O c6 18. Be2 Nf5 19. Bd3 Bc7 {[%cal Of6d6] [#] White must now prevent ...Qd6!} 20. Bxf5 Qxf5 21. Qxf5 Rxf5 22. Rfb1 b6 23. a4 Re8 24. Re1 Rf6 25. Bd2 Rfe6 26. Rxe6 Rxe6 27. Be3 Kf7 28. Kf1 h5 29. Ke2 Rg6 30. g3 Re6 {Not much happened in this game.   Weighted Error Value: White=0.05 (flawless) /Black=0.03 (flawless) .  OK:         	White=7     	Black=8      Best:        	---       	Black=1} 1/2-1/2

[Event "45th FIDE Olympiad 2024"]
[Site "Budapest"]
[Date "2024.09.19"]
[Round "8.133"]
[White "Djabri, Massinas"]
[Black "Galaviz Medina, Sion Radamantys"]
[Result "0-1"]
[ECO "D38"]
[WhiteElo "2280"]
[BlackElo "2488"]
[Annotator "TA"]
[PlyCount "56"]
[EventDate "2024.09.05"]
[EventType "team-tourn"]
[EventCountry "HUN"]
[SourceTitle "playchess.com"]
[Source "ChessBase"]
[SourceQuality "1"]
[WhiteTeam "Algeria"]
[BlackTeam "Mexico"]
[WhiteTeamCountry "ALG"]
[BlackTeamCountry "MEX"]
[TimeControl "40/5400+30:1800+30"]

1. d4 Nf6 2. c4 e6 3. Nf3 d5 4. Nc3 Bb4 5. a3 Bxc3+ 6. bxc3 c5 7. e3 Qa5 8. Bd2 O-O 9. cxd5 {White has an edge.} exd5 10. c4 Qc7 11. cxd5 Rd8 12. Rc1 b6 13. dxc5 bxc5 14. Qa4 {[#] Black must now prevent Ba5.} Rxd5 15. Bc4 Rh5 16. Ba5 Qe7 17. Rd1 Bd7 18. Qb3 {aiming for Qb7.} Nc6 19. Bc3 {A strong pair of Bishops.} Bg4 20. Qa4 Nd4 21. Kf1 $2 {[%mdl 8192] This move loses the game for White.} (21. Bxd4 $14 {keeps the upper hand.} cxd4 22. Rxd4) 21... Nxf3 $19 22. gxf3 Bxf3 23. Rg1 (23. Be2 {was the only chance.} Bxe2+ (23... Bxh1 $2 24. Bxf6 Qe6 25. Bxh5 $17) 24. Kxe2) 23... Rxh2 {...Ng4 is the strong threat.} (23... Bxd1 24. Qc6 g6 25. Qxa8+ Kg7 26. Qc6 $15) 24. Qa6 $2 (24. Bd3 $19 c4 (24... Bxd1 $2 25. Qxd1 Rd8 26. Qf3 $19) 25. Qxc4 Bxd1 26. Qf4) 24... Ng4 (24... Bxd1 $2 {loses.} 25. Bxf6 Qf8 26. Bxg7 Qxg7 27. Bxf7+ (27. Rxg7+ Kxg7 28. Qd6 Rh5 $18) 27... Kh8 (27... Kxf7 $2 28. Qb7+ Ke6 29. Rxg7 $18) 28. Rxg7 Kxg7 29. Qb7 $18) 25. Rxg4 Rh1+ (25... Bxd1 $2 {is the wrong capture.} 26. Rxg7+ Kf8 27. Rxf7+ Qxf7 28. Bxf7 Kxf7 29. Qb7+ (29. Qf6+ Ke8 $18) 29... Ke6 30. Qxa8 $18) 26. Rg1 {[#]} Rxg1+ $1 27. Kxg1 Qh4 28. Bxf7+ Kh8 $1 {Weighted Error Value: White=0.64/Black=0.10 (very precise) .  Loses game:     	White=1     	---        Mistake:       	White=2     	---        Inaccurate:     	White=1     	Black=2      OK:         	White=9     	Black=5      Best:        	White=1     	Black=3} 0-1

[Event "45th FIDE Olympiad 2024"]
[Site "Budapest"]
[Date "2024.09.19"]
[Round "8.134"]
[White "Hernandez Guerrero, Gilberto"]
[Black "Brahami, Lamine"]
[Result "1-0"]
[ECO "B85"]
[WhiteElo "2482"]
[BlackElo "2188"]
[Annotator "TA"]
[PlyCount "85"]
[EventDate "2024.09.05"]
[EventType "team-tourn"]
[EventCountry "HUN"]
[SourceTitle "playchess.com"]
[Source "ChessBase"]
[SourceQuality "1"]
[WhiteTeam "Mexico"]
[BlackTeam "Algeria"]
[WhiteTeamCountry "MEX"]
[BlackTeamCountry "ALG"]
[TimeControl "40/5400+30:1800+30"]

1. e4 c5 2. Nc3 d6 3. f4 Nc6 4. Nf3 e6 5. d4 cxd4 6. Nxd4 Nf6 7. Be3 Be7 8. Be2 O-O 9. O-O Bd7 10. Nb3 a6 11. a4 Na5 12. e5 Ne8 13. Nxa5 Qxa5 14. Qd4 Bc6 15. Bf3 {The position is equal.} Bxf3 16. Rxf3 Rc8 17. Rd1 Rc6 18. Qe4 g6 19. Bd4 dxe5 (19... d5 $15 20. Qd3 Ng7) 20. Qxe5 Qxe5 21. fxe5 Ng7 22. g4 {Inhibits Nf5.} h5 23. h3 Rd8 24. Rfd3 hxg4 25. hxg4 Rc4 26. Kg2 Ne8 27. Kf3 Nc7 28. Bb6 Rxd3+ 29. Rxd3 {[#] Rd7 is the strong threat.} Bb4 30. Ne4 Nd5 (30... Rxc2 $2 {is the wrong capture.} 31. Bxc7 Rxb2 (31... Rxc7 $2 32. Nf6+ Kg7 33. Ne8+ Kf8 34. Nxc7 $18) 32. g5 $18) 31. Nf6+ Kg7 $2 (31... Nxf6 $11 32. exf6 Rxc2) 32. Nxd5 $18 exd5 {[%mdl 4096] Endgame. [#] KRB-KRB} 33. c3 ({Less strong is} 33. Rxd5 Rxc2 34. Rd7 Rxb2 $16) 33... Be7 (33... Rc6 $142) 34. Rxd5 Rxa4 35. Rd7 $1 Kf8 36. Rxb7 Ra2 (36... Ke8 $142 37. Bd4 Bg5) 37. Rb8+ Kg7 38. Bd4 {[%cal Og4g5] Black must now prevent g5!} Ra1 39. e6+ f6 40. g5 {[%cal Bg4g5,Bg5f6][%mdl 32] Intending Re8 and mate.} Rf1+ 41. Ke2 (41. Ke4 $142 Rd1 42. gxf6+ Bxf6 43. Rb7+ Kh6 44. Bxf6) 41... Rf4 42. Kd3 {Threatening mate with gxf6+.} Rf5 43. gxf6+ {Weighted Error Value: White=0.10 (very precise) /Black=0.48.  Loses game:     	---       	Black=1      Mistake:       	---       	Black=3      Inaccurate:     	White=2     	Black=1      OK:         	White=8     	Black=9      Best:        	White=4     	Black=2} 1-0

[Event "45th FIDE Olympiad 2024"]
[Site "Budapest"]
[Date "2024.09.19"]
[Round "8.135"]
[White "Boulrens, Ala Eddine"]
[Black "Cori Quispe, Kevin Joel"]
[Result "1-0"]
[ECO "B22"]
[WhiteElo "2137"]
[BlackElo "2461"]
[Annotator "TA"]
[PlyCount "77"]
[EventDate "2024.09.05"]
[EventType "team-tourn"]
[EventCountry "HUN"]
[SourceTitle "playchess.com"]
[Source "ChessBase"]
[SourceQuality "1"]
[WhiteTeam "Algeria"]
[BlackTeam "Mexico"]
[WhiteTeamCountry "ALG"]
[BlackTeamCountry "MEX"]
[TimeControl "40/5400+30:1800+30"]

1. e4 c5 2. c3 Nf6 3. e5 Nd5 4. Nf3 Nc6 5. d4 cxd4 6. cxd4 d6 7. Bc4 Nb6 8. Bb5 Bd7 9. Nc3 dxe5 10. dxe5 g6 11. O-O Bg7 {The position is equal.} 12. Qe2 O-O 13. h3 Qc7 14. Bf4 Rad8 15. Rac1 Be6 16. Rfd1 Nd5 17. Bg3 Nxc3 18. Rxc3 Qb6 {Strongly threatening ...Rxd1+.} 19. Bxc6 {Threatens to win with Rxd8.} bxc6 20. Rdc1 Bd5 21. b3 a5 22. Nd2 Bh6 23. R1c2 a4 24. Nc4 Qb4 25. bxa4 Be6 {Hoping for ...Qb1+. This pair of bishops is nice.} 26. Ne3 Qb1+ 27. Qf1 Qb4 28. Qe2 Qxa4 29. Rxc6 Rd4 30. Kh2 Bg5 31. Qa6 (31. f3 $15) 31... h5 $2 {[#]} (31... Ra8 $17 {keeps the pressure on.} 32. Qxa4 Raxa4 (32... Rdxa4 33. Rc7 $17)) 32. Rxe6 $16 fxe6 {[%mdl 8192] A mistake that costs the game.} (32... Bxe3 $16 {is a better chance.} 33. Rxg6+ (33. fxe3 Qxc2 34. exd4 fxe6 $11) 33... Kh7) 33. Qxe6+ $18 Kh7 34. Rc6 Rg8 {[#]} 35. Nf5 Qxc6 36. Qxc6 gxf5 37. Qf3 Kg6 38. Qb3 Rf8 (38... Kg7 $142 39. f4 Rxf4) 39. Qb6+ {Weighted Error Value: White=0.15 (very precise) /Black=0.34.  Loses game:     	---       	Black=1      Mistake:       	White=1     	Black=2      Inaccurate:     	White=4     	Black=3      OK:         	White=9     	Black=10     Best:        	White=1     	Black=1      Brilliant:      	White=1     	---} 1-0